 Dungeon Crawl Stone Soup version 0.31.0-9-g3a7656b989 (webtiles) character file.

Game seed: 8937786897490432312

84 Gottschkopf the Changeling (level 4, 0/35 HPs)
             Began as a Draconian Shapeshifter on Jan 29, 2024.
             Slain by Grinder (6 damage)
             ... on level 3 of the Dungeon.
             The game lasted 00:03:45 (1580 turns).

Gottschkopf the Changeling (Draconian Shapeshifter) Turns: 1580, Time: 00:03:46

Health: 0/35       AC:  5    Str: 19    XL:     4   Next: 24%
Magic:  4/4        EV: 12    Int: 10    God:
Gold:   130        SH:  0    Dex: 10    Spells: 3/3 levels left

rFire   . .          .
                       - Unarmed
rCold   . . .        (no shield)
rNeg    . . .        (body armour unavailable)
rPois   .            (helmet currently unavailable)
rElec   .            (cloak currently unavailable)
rCorr   .            (gloves currently unavailable)
SInv    .            (boots currently unavailable)
Will    .....        g - amulet of regeneration
Stlth   +            (no ring)
HPRegen 1.05/turn    (no ring)
MPRegen 0.09/turn

%: no passive effects
@: beast-form
A: beast (slay +2), AC +5, unfitting armour, cold-blooded
a: Begin Untransformation


You were on level 3 of the Dungeon.
You were a hulking beast.
You visited 1 branch of the dungeon, and saw 3 of its levels.

You collected 130 gold pieces.

Inventory:

Hand Weapons
 e - a +2 whip of holy wrath
Armour
 n - a +0 cloak
Jewellery
 g - an amulet of regeneration (around neck)
Talismans
 b - a beast talisman
 c - a flux talisman
Scrolls
 d - 2 scrolls of identify {unknown}
 h - 3 scrolls of teleportation {unknown}
 k - a scroll of poison {unknown}
 m - a scroll of amnesia {unknown}
Potions
 a - a potion of lignification
 f - a potion of haste {unknown}
 i - a potion of heal wounds {unknown}
 j - 2 potions of attraction {unknown}
 l - 2 potions of might {unknown}
 o - a potion of ambrosia {unknown}


   Skills:
 - Level 1.1 Fighting
 - Level 1.7 Dodging
 - Level 3.0 Unarmed Combat
 + Level 0.2 Earth Magic
 * Level 4.8 Shapeshifting


You had 3 spell levels left.
You didn't know any spells.
Your spell library contained the following spells:

 Spells                   Type           Power      Damage    Failure   Level
 Leda's Liquefaction      Alch/Erth      0%         N/A       98%         4
 Lee's Rapid Deconstruct  Erth           0%         3d4*      100%        5
 Bombard                  Conj/Erth      0%         9d1       100%        6


Dungeon Overview and Level Annotations

Branches:
Dungeon (3/15)

Altars:

Annotations:
D:3 Grinder


Innate Abilities, Weirdness & Mutations

You are a hulking beast.
Your limbs bulge with bestial killing power. (Slay +2)
Your plain brown scales are hard. (AC +5)
You cannot fit into any form of body armour.
You are cold-blooded and may be slowed by cold attacks.


Message History

The goblin is heavily wounded.
You hit the goblin.
You kill the goblin!
No target in view!
Found an escape hatch in the ceiling.
No target in view!
No target in view!
Done exploring.
Done exploring.
There is a stone staircase leading down here.
You climb downwards.
There is a stone staircase leading up here.
You open the door.
Grinder comes into view.
Grinder shouts!
There is an open door here.
Grinder gestures at you. You resist with significant effort.
Grinder gestures at you. Pain shoots through your body!
You hit Grinder.
Your tail-slap misses Grinder.
Grinder is lightly wounded.
Grinder hits you but does no damage.
You closely miss Grinder.
Grinder is lightly wounded.
You hit Grinder.
Grinder is lightly wounded.
Grinder hits you.
You barely miss Grinder.
Grinder is lightly wounded.
Grinder hits you.
You writhe in agony.
You hit Grinder.
Grinder is moderately wounded.
Grinder hits you.
You writhe in agony.
* * * LOW HITPOINT WARNING * * *
You hit Grinder.
Grinder is heavily wounded.
Grinder hits you.
You die...
Grinder sighs, "Dead already?
I want a refund."

########
#......#
#......#
+......#
#...5..#
#...h..#####
#..........#
####'#.....#
#.#.....#
#.# ....#
#<# ....#
### ...#
...#


You could see Grinder.

Vanquished Creatures
  2 adders (D:2)
  4 dart slugs
  A ribbon worm (D:2)
  7 endoplasms
  2 giant cockroaches
  4 goblins
  4 hobgoblins (D:2)
  2 jackals (D:2)
  3 quokkas
  6 ball pythons
  3 bats
  5 kobolds
  9 rats
52 creatures vanquished.

Notes
Turn   | Place    | Note
-------+----------+-------------------------------------------
     0 | D:1      | Gottschkopf the Draconian Shapeshifter began the quest for
                  | the Orb.
     0 | D:1      | Reached XP level 1. HP: 16/16 MP: 1/1
   125 | D:1      | Reached XP level 2. HP: 19/23 MP: 2/2
   742 | D:2      | Reached skill level 4 in Shapeshifting
   746 | D:2      | Reached XP level 3. HP: 14/28 MP: 3/3
   793 | D:2      | Found a faded altar of an unknown god.
  1110 | D:2      | Reached XP level 4. HP: 32/35 MP: 4/4
  1571 | D:3      | Noticed Grinder
  1580 | D:3      | Slain by Grinder

Illustrated notes

Levels and vault maps discovered:
D:1:      dpeg_arrival_lava_temple_mockup, layout_loops_ring,
          minmay_misc_feat_nine_boxes, minivault_25, minmay_misc_feat_pillars,
          minmay_indecisive_spiral
D:2:      minmay_chambers_of_ones, layout_loops_ring,
          ebering_ecumenical_altar_abandoned, wad_floor_pattern_1,
          hangedman_decor_clover_reticule
D:3:      layout_basic, mainiacjoe_overflow_alcove_4,
          nicolae_yredelemnul_corpse_copse, uniq_grinder

Skill      XL: |  1  2 |
---------------+-------+-----
Shapeshifting  | 4 |  4.8
Fighting       | |  1.1
Dodging        | |  1.7
Unarmed Combat | |  3.0
Earth Magic    | |  0.2

Action                     |  1- 3 |  4- 6 || total
---------------------------+-------+-------++-------
  Melee: Unarmed           |   103 |    23 ||   126
         Tailslap          |    12 |     1 ||    13
         Punch             |     1 |       ||     1
   Stab: Sleeping          |     3 |       ||     3
 Armour: Skin              |    34 |    15 ||    49
  Dodge: Dodged            |    62 |    10 ||    72
